 Dungeon Crawl Stone Soup version 0.24-a0-139-geb6712d24a (webtiles) character file.

Game seed: 11285400831869727591

545 Morbidden the Insei (level 7, 59/60 HPs)
             Began as a White Draconian Monk on Mar 3, 2019.
             Quit the game on level 4 of the Dungeon.
             The game lasted 00:08:54 (3919 turns).

Morbidden the Insei (White Draconian Monk)          Turns: 3919, Time: 00:08:55

Health: 59/60      AC:  6    Str: 13    XL:     7   Next: 6%
Magic:  7/7        EV: 14    Int: 13    God:
Gold:   206        SH:  0    Dex: 13    Spells: 6/6 levels left

rFire    . . .     SeeInvis .     - Unarmed
rCold    + + .     Gourm    .   (no shield)
rNeg     . . .     Faith    .   (armour unavailable)
rPois    .         Spirit   .   (helmet restricted)
rElec    .         Reflect  .   (no cloak)
rCorr    .         Harm     .   (no gloves)
MR       .....                  (no boots)
Stlth    ++........             (no amulet)
HPRegen  0.20/turn              f - ring of protection from cold
MPRegen  0.10/turn              (no ring)

@: short of breath
A: breathe frost, unfitting armour, hooves 1, cold resistance 1, screaming 1,
cold-blooded, AC +6
a: Breathe Frost


You were on level 4 of the Dungeon.
You were not hungry.

You visited 1 branch of the dungeon, and saw 4 of its levels.
You also visited: Sewer.

You collected 206 gold pieces.

Inventory:

Missiles
 b - 16 tomahawks (quivered)
Jewellery
 f - a ring of protection from cold (left hand)
 o - an uncursed ring of see invisible {unknown}
Scrolls
 d - a scroll of enchant weapon
 e - 4 scrolls of teleportation
 i - a scroll of remove curse {unknown}
 j - 2 scrolls of enchant armour
 k - a scroll of fear {unknown}
 l - 2 scrolls of amnesia
 m - a scroll of blinking {unknown}
Potions
 c - 4 potions of brilliance
 g - 2 potions of degeneration {unknown}
 h - 2 potions of magic
 n - a potion of curing
Comestibles
 a - 10 rations
 p - a chunk of flesh


   Skills:
 * Level 4.5 Fighting
 + Level 4.1 Dodging
 + Level 2.4 Stealth
 * Level 6.4 Unarmed Combat


You had 6 spell levels left.
You didn't know any spells.
Your spell library was empty.

Dungeon Overview and Level Annotations

Branches:
Dungeon (4/15)
 Temple: D:4-7

Altars:
Hepliaklqana
Qazlal
Uskayaw


Innate Abilities, Weirdness & Mutations

You can breathe waves of freezing cold.
You can buffet flying creatures when you breathe cold.
Your icy white scales are hard. (AC +6)
You cannot fit into any form of body armour.
Your flesh is cold resistant. (rC+)
You are cold-blooded and may be slowed by cold attacks.
You have large cloven feet.
You occasionally shout uncontrollably at your foes.


Message History

a +0 hand axe; a +0 ring mail; a +0 dagger; a +0 robe; an orc corpse No target in view!
You butcher the orc corpse.
p - 2 chunks of flesh
Items here: )) [[ ÷ a +0 hand axe; a +0 ring mail; a +0 dagger; a +0 robe; an orc skeleton
Items here: )) [[ ÷ a +0 hand axe; a +0 ring mail; a +0 dagger; a +0 robe; an orc skeleton Eating one of 2 chunks of flesh.
You eat one of the 2 chunks of flesh.
This raw flesh tastes terrible.
b - 16 tomahawks (gained 5)
You see here a +0 dagger.
No target in view!
No target in view!
No target in view!
Unknown command.
Unknown command.
Are you sure you want to abandon this character and quit the game? (Confirm with "yes".)
Okay, then.
Are you sure you want to abandon this character and quit the game? (Confirm with "yes".)

..#...#.....#...#
..#...##...##...#
.[#....#...#....#
..##...#...#...##
...#......##...#
...#......#....#
...#8..####....#
...#####.......#########
....#.........##@.>.....
.####.........#)########
.# ##.......##.# .#
#.......#.)# .#
##.....##.## .#
##...##..# .# ##.....##
## ####### #


There were no monsters in sight!

Vanquished Creatures
  An ogre (D:4)
  A centaur (D:4)
  4 orc priests (D:3)
  An orc wizard (D:4)
  Natasha (thrice) (D:2)
  4 adders
  A river rat (Sewer)
  An adder skeleton (D:4)
  2 dart slugs
  4 leopard geckos
  21 orcs
  7 bats
  3 giant cockroaches (D:3)
  A goblin (D:3)
  7 hobgoblins
  12 jackals
  4 ball pythons
  8 frilled lizards
  A jackal skeleton (D:4)
  8 kobolds
  A leopard gecko zombie (D:4)
  13 rats
108 creatures vanquished.

Notes
Turn   | Place    | Note
-------+----------+-------------------------------------------
     0 | D:1      | Morbidden the Draconian Monk began the quest for the Orb.
     0 | D:1      | Reached XP level 1. HP: 19/19 MP: 1/1
   158 | D:1      | Reached XP level 2. HP: 21/26 MP: 2/2
   706 | D:2      | Reached XP level 3. HP: 31/31 MP: 3/3
   826 | D:2      | Found a faded altar of an unknown god.
   852 | D:2      | Noticed Natasha
   865 | D:2      | Killed Natasha
   946 | D:2      | Noticed Natasha
   956 | D:2      | Gained mutation: You occasionally shout uncontrollably at
                  | your foes. [potion of mutation]
   956 | D:2      | Gained mutation: You have large cloven feet. [potion of
                  | mutation]
   964 | D:2      | Killed Natasha
   964 | D:2      | Reached skill level 4 in Unarmed Combat
   964 | D:2      | Reached XP level 4. HP: 16/40 MP: 4/4
  1053 | D:2      | Found a hide-covered altar of Uskayaw.
  1306 | D:2      | Noticed Natasha
  1318 | D:2      | Killed Natasha
  1414 | D:2      | Found a hazy altar of Hepliaklqana.
  1708 | D:3      | Reached XP level 5. HP: 40/46 MP: 5/5
  1753 | D:3      | Found a glowing drain.
  1794 | Sewer    | Entered a sewer
  2307 | D:3      | Found a stormy altar of Qazlal.
  2410 | D:3      | Reached skill level 5 in Unarmed Combat
  2701 | D:3      | Reached XP level 6. HP: 16/52 MP: 6/6
  3476 | D:4      | Reached skill level 6 in Unarmed Combat
  3534 | D:4      | Got a translucent rapier
  3547 | D:4      | Identified the +5 rapier of Rasyk {pierce, rN+} (You found
                  | it on level 4 of the Dungeon)
  3905 | D:4      | Your scales start taking on an icy white colour.
  3905 | D:4      | Reached XP level 7. HP: 60/60 MP: 7/7
  3905 | D:4      | Gained mutation: Your flesh is cold resistant. (rC+) [White
                  | Draconian growth]
  3919 | D:4      | Quit the game

Levels and vault maps discovered:
D:1:      evilmike_arrival_come_back, layout_loops_ring, dk_noncrumbling_4,
          grunt_decor_cap, grunt_decor_mini_mirrors
D:2:      layout_loops_cross, overflow_temple_1_default, lemuel_crystal_altar,
          chequers_ecumenical_altar_simple, first_ration, uniq_natasha
D:3:      layout_basic, nicolae_qazlal_eye_of_the_storm, portal_sewer_entry_f
D:4:      kennysheep_spiral_hall, layout_rooms, gammafunk_temple_overflow_claw,
          minmay_diced_spiral
Sewer:    sewer_co_cracked_pipes

Skill      XL: |  1  2  3  4  5  6 |
---------------+-------------------+-----
Dodging        | 3 4 |  4.1
Unarmed Combat | 4 5 6 |  6.4
Stealth        | 2 |  2.4
Fighting       | 4 |  4.5

Action                   |  1- 3 |  4- 6 |  7- 9 || total
-------------------------+-------+-------+-------++-------
Melee: Unarmed           |   121 |   267 |     5 ||   393
       Tailslap          |    11 |    24 |     1 ||    36
       Punch             |     2 |     6 |       ||     8
       Kick              |       |    60 |     2 ||    62
 Abil: Breathe Frost     |       |       |     1 ||     1
  Use: Potion            |     6 |     5 |       ||    11
       Scroll            |       |     7 |       ||     7
 Stab: Sleeping          |     3 |       |       ||     3
  Eat: Chunk             |       |     9 |     1 ||    10
Armor: Skin              |    36 |    57 |     1 ||    94
Dodge: Dodged            |    82 |   183 |     2 ||   267

Table legend:
 A = Non-vault XP
 B = Vault XP
 C = Vault XP percentage of total XP
 D = Non-vault monster count
 E = Vault monster count
 F = Vault count percentage of total count
                 A         B        C        D         E       F
            +---------+---------+-------+---------+---------+-------
      Total |     561 |     218 |  28.0 |      80 |      28 |  25.9
            +---------+---------+-------+---------+---------+-------
        D:1 |      38 |       0 |   0.0 |      22 |       0 |   0.0
        D:2 |     104 |      35 |  25.2 |      15 |       1 |   6.2
        D:3 |     238 |      12 |   4.8 |      31 |       5 |  13.9
        D:4 |     181 |     116 |  39.1 |      12 |       4 |  25.0
      Sewer |       0 |      55 | 100.0 |       0 |      18 | 100.0
            +---------+---------+-------+---------+---------+-------
